 Dungeon Crawl Stone Soup version bcrawl-1.13.1 (webtiles) character file.

Game seed: 15831385665334259168

235 Revguard the Ducker (level 5, -1/38 HPs)
             Began as a Demonspawn Archaeologist on Aug 5, 2019.
             Was an Initiate of Okawaru.
             Slain by an iguana (8 damage)
             ... on level 3 of the Dungeon.
             The game lasted 00:12:45 (3885 turns).

Revguard the Ducker (Demonspawn Archaeologist)      Turns: 3885, Time: 00:12:45

Health: -1/38      AC:  8    Str: 12    XL:     5   Next: 76%
Magic:  5/5        EV: 12    Int: 15    God:    Okawaru [......]
Gold:   247        SH:  0    Dex: 12    Spells: 4/4 levels left

rFire    + . .     SeeInvis +   h - +0 war axe
rCold    . . .     Gourm    .   (no shield)
rNeg     . . .     Faith    .   l - +0 ring mail
rPois    .         Spirit   .   c - +1 hat
rElec    .         Reflect  .   (no cloak)
rCorr    .         Harm     .   (no gloves)
MR       .....                  d - +1 pair of boots
Stlth    +.........             (no amulet)
HPRegen  0.12/turn              o - ring of wizardry
MPRegen  0.09/turn              r - ring of see invisible

@: lethally poisoned (-1 -> -3), studying Armour
A: claws 1, fire resistance 1, flame cloud immunity
a: Renounce Religion


You were on level 3 of the Dungeon.
You worshipped Okawaru.
Okawaru was noncommittal.
You were not hungry.

You visited 1 branch of the dungeon, and saw 4 of its levels.

You collected 247 gold pieces.

Inventory:

Hand Weapons
 a - a +0 whip
 h - a +0 war axe (weapon)
 i - a +0 blowgun
 k - a +3 dagger
Missiles
 j - 109 poisoned needles
Armour
 c - a +1 hat (worn)
 d - a +1 pair of boots (worn)
 l - a +0 ring mail (worn)
Jewellery
 o - a ring of wizardry (left claw)
 r - a ring of see invisible (right claw)
Scrolls
 b - a scroll of identify
 n - a scroll of amnesia {unknown}
 p - 2 scrolls of teleportation
Potions
 m - a potion of brilliance
Books
 e - a manual of Armour
Miscellaneous
 f - an ancient crate
Comestibles
 g - 9 rations {!d}


   Skills:
 * Level 2.0 Fighting
 + Level 0.2 Short Blades
 + Level 2.9 Maces & Flails
 * Level 3.5 Armour
 + Level 4.0 Dodging
 - Level 3.0 Stealth
 * Level 0.1 Invocations


You had 4 spell levels left.
You didn't know any spells.
Your spell library was empty.

Dungeon Overview and Level Annotations

Branches:
Dungeon (4/12)
 Temple: D:4-7

Altars:
Dithmenos
Fedhas
Gozag
Nemelex Xobeh
Okawaru
Qazlal
Sif Muna
Trog
Wu Jian
Xom
The Shining One


Innate Abilities, Weirdness & Mutations

You have sharp fingernails.
Your flesh is heat resistant. (rF+)
You are immune to clouds of flame.


Message History

The adder is heavily wounded.
The adder barely misses you. The adder bites you but does no damage.
You closely miss the adder.
The adder is heavily wounded.
The adder bites you but does no damage. The adder bites you.
* * * LOW HITPOINT WARNING * * *
You are poisoned.
The adder poisons you!
Okay, then.
You barely miss the adder.
The adder is heavily wounded.
You feel sick. The adder barely misses you. x2
You slash the adder!
You kill the adder!
Okawaru accepts your kill.
Okay, then.
You closely miss the iguana.
You feel sick. The iguana closely misses you.
You closely miss the iguana. The iguana closely misses you.
The iguana bites you!
You die...

##### #...# #>..#
##################...#
#...............@l...#
..################...#
.## ##### ## ########
#......#
########......#
..............######
.#.#####.)รท........#
.#..###....))......#


You could see an iguana.

Vanquished Creatures
  An orc priest (D:3)
  An iguana (D:2)
  5 adders
  An ooze (D:1)
  2 worms
  2 dart slugs
  8 leopard geckos
  8 orcs (D:3)
  8 bats
  2 giant cockroaches
  9 goblins
  13 hobgoblins
  4 jackals (D:2)
  16 kobolds
  3 quokkas
  A ball python (D:3)
  A frilled lizard (D:2)
  18 rats
103 creatures vanquished.

Notes
Turn   | Place    | Note
-------+----------+-------------------------------------------
     0 | D:1      | Revguard the Demonspawn Archaeologist began the quest for
                  | the Orb.
     0 | D:1      | Reached XP level 1. HP: 15/15 MP: 1/1
    36 | D:1      | Reached skill level 3 in Dodging
   100 | D:1      | Gained mutation: You have sharp fingernails. [demonic
                  | ancestry]
   100 | D:1      | Reached XP level 2. HP: 14/21 MP: 2/2
   111 | D:1      | Reached skill level 1 in Maces & Flails
   534 | D:1      | Reached XP level 3. HP: 23/26 MP: 3/3
  1436 | D:2      | Reached skill level 1 in Armour
  1436 | D:2      | Gained mutation: Your flesh is heat resistant. (rF+)
                  | [demonic ancestry]
  1436 | D:2      | Reached XP level 4. HP: 23/32 MP: 4/4
  1511 | D:2      | Found a blossoming altar of Fedhas.
  1555 | D:2      | Found an iron altar of Okawaru.
  1573 | D:2      | Became a worshipper of Warmaster Okawaru
  1727 | D:2      | Found an opulent altar of Gozag.
  1727 | D:2      | Found a sparkling altar of Nemelex Xobeh.
  1892 | D:2      | Found a stormy altar of Qazlal.
  2182 | D:2      | Found a glowing golden altar of the Shining One.
  2580 | D:3      | Gained mutation: You are immune to clouds of flame.
                  | [demonic ancestry]
  2580 | D:3      | Reached XP level 5. HP: 21/38 MP: 5/5
  2963 | D:3      | Noticed a moth of wrath
  2966 | D:3      | Found a bloodstained altar of Trog.
  3065 | D:3      | Found a deep blue altar of Sif Muna.
  3067 | D:3      | Found a shimmering altar of Xom.
  3406 | D:3      | Found a shadowy altar of Dithmenos.
  3734 | D:3      | Found an ornate altar of the Wu Jian Council.
  3863 | D:4      | Noticed an ogre
  3866 | D:4      | Noticed a phantom
  3867 | D:4      | Reached skill level 4 in Dodging
  3885 | D:3      | Slain by an iguana

Skill      XL: |  1  2  3  4  5 |
---------------+----------------+-----
Dodging        | 3 4 |  4.0
Maces & Flails | 1 2 |  2.9
Armour         | 1 2 3 |  3.5
Fighting       | 2 |  2.0
Short Blades   | |  0.2
Stealth        | |  3.0
Invocations    | |  0.1

Action                   |  1- 3 |  4- 6 || total
-------------------------+-------+-------++-------
Melee: Whip              |   178 |   212 ||   390
       Dagger            |       |    62 ||    62
       War axe           |       |    52 ||    52
 Fire: Blowgun           |       |     2 ||     2
  Use: Potion            |     2 |     4 ||     6
       Scroll            |       |     8 ||     8
 Stab: Sleeping          |       |     2 ||     2
  Eat: Chunk             |     1 |     9 ||    10
Armor: Robe              |    31 |       ||    31
       Ring mail         |    25 |   136 ||   161
Dodge: Dodged            |   116 |   239 ||   355
